 Dungeon Crawl Stone Soup version 0.18-a0-1429-g6e54fa5 (webtiles) character file.

543 sugabear the Chiller (level 7, 0/48 HPs)
             Began as a Demonspawn Ice Elementalist on Feb 27, 2016.
             Was a Believer of Vehumet.
             Slain by Duvessa
             ... wielding a cursed -1 short sword
              (16 damage)
             ... on level 4 of the Dungeon.
             The game lasted 00:11:53 (4176 turns).

sugabear the Chiller (Demonspawn Ice Elementalist)  Turns: 4176, Time: 00:11:53

Health: 0/48       AC: 14    Str:  8    XL:     7   Next: 6%
Magic:  4/12       EV: 13    Int: 18    God:    Vehumet [**....]
Gold:   213        SH:  0    Dex: 14    Spells: 3 memorised, 7 levels left

rFire  + . .     SeeInvis .     j - +1 flail (protect)
rCold  . . .     Gourm    .     a - +0 robe
rNeg   . . .     Faith    .     (no shield)
rPois  .         Spirit   .     e - +2 hat
rElec  .         Dismiss  .     (no cloak)
rCorr  .         Reflect  .     (no gloves)
SustAt .         Harm     .     (no boots)
MR     .....                    n - amulet of magic regeneration
Stlth  +.........               (no ring)
                                (no ring)

@: icy armour (expiring), very slightly contaminated, glowing, slow, not
resistant to hostile enchantments, very unstealthy
A: horns 2, fire resistance 1, spiny 1
a: Renounce Religion


You were on level 4 of the Dungeon.
You worshipped Vehumet.
Vehumet was pleased with you.
You were not hungry.

You visited 1 branch of the dungeon, and saw 5 of its levels.

You collected 213 gold pieces.

Inventory:

Hand Weapons
 j - a +1 flail of protection (weapon)
Armour
 a - a +0 robe (worn)
 e - a +2 hat (worn)
Jewellery
 n - an amulet of magic regeneration (around neck)
 o - an uncursed amulet of dismissal
Scrolls
 d - 2 scrolls of fear {unknown}
 f - a scroll of random uselessness {unknown}
 h - 3 scrolls of identify
 i - a scroll of blinking {unknown}
 k - a scroll of recharging {unknown}
 l - 3 scrolls of remove curse
 r - a scroll of enchant armour {unknown}
 t - a scroll of magic mapping {unknown}
Potions
 g - 2 potions of berserk rage {unknown}
 m - a potion of curing {unknown}
 p - a potion of resistance {unknown}
 s - a potion of lignification {unknown}
 v - a potion of heal wounds {unknown}
Books
 b - a book of Frost

   Spells                             Type                      Level
   a - Freeze                         Ice                          1
   b - Throw Frost                    Conjuration/Ice              2
   c - Ozocubu's Armour               Charms/Ice                   3
   d - Throw Icicle                   Conjuration/Ice              4
   e - Summon Ice Beast               Ice/Summoning                4
Comestibles
 c - 3 bread rations
 q - a meat ration


   Skills:
 + Level 1.2 Fighting
 + Level 0.6 Maces & Flails
 + Level 3.3 Dodging
 + Level 3.4 Stealth
 + Level 1.0 Unarmed Combat
 + Level 3.6 Spellcasting
 + Level 1.4 Conjurations
 + Level 1.3 Charms
 + Level 4.2 Ice Magic


You had 7 spell levels left.
You knew the following spells:

 Your Spells              Type           Power        Failure   Level  Hunger
a - Freeze                Ice            ###.         2%          1    None
b - Throw Frost           Conj/Ice       ##....       10%         2    ##.....
c - Ozocubu's Armour      Chrm/Ice       ##......     17%         3    ###....


Dungeon Overview and Level Annotations

Branches:
Dungeon (5/15)
 Temple: D:4-7

Altars:
Ashenzari
Gozag
Trog
Vehumet

Annotations:
D:4 Duvessa


Innate Abilities, Weirdness & Mutations

You have a pair of horns on your head.
Your flesh is heat resistant.
You are partially covered in sharp spines.


Message History

Duvessa is heavily wounded.
Duvessa is struck by your spines. Duvessa hits you but does no damage.
Duvessa hits you with a short sword!
Casting: Freeze
Confirm with . or Enter, or press ? or * to list all spells.
Aiming: Freeze
Press: ? - help, Shift-Dir - straight line, f/p - Duvessa
Aim: Duvessa, wielding a short sword (severely wounded, berserk, fast, unusually strong)
You freeze Duvessa.
Duvessa is severely wounded.
Duvessa hits you but does no damage.
Casting: Freeze
Confirm with . or Enter, or press ? or * to list all spells.
Aiming: Freeze
Press: ? - help, Shift-Dir - straight line, f/p - Duvessa
Aim: Duvessa, wielding a short sword (severely wounded, berserk, fast, unusually strong)
You freeze Duvessa.
Duvessa is severely wounded.
Duvessa barely misses you. Duvessa hits you with a short sword!
You die...

#...#.................
###.#.#.######.#.#.###
#.#.#........#.#.# #
#.#.#.#....###.#.# #
#.#.#.#.##.# #.#.# #
#.#.#.#.##.# #.#.# #
#.#.#.#.##.# #.#.# #
#.#e#.#<...###.#.###
#.#@......[.........
#.#)..#........#.###
#.#.############.#
#.#......#.......#
#.#.#<...#.#######
#.#####....##
#.....'.....#
#######...### #...#


You could see Duvessa (berserk).

Vanquished Creatures
  A water moccasin (D:4)
  The ghost of Unglued128 the Skirmisher, an amateur DsGl (D:3)
  Dowan (D:4)
  An orc wizard (D:4)
  2 worker ants (D:4)
  A hound zombie (D:4)
  4 gnolls (D:3)
  A howler monkey skeleton (D:4)
  8 adders
  An adder skeleton (D:4)
  2 worms
  2 dart slugs
  2 giant geckos (D:3)
  10 orcs
  A ball python (D:2)
  7 bats
  5 giant cockroaches
  8 goblins
  4 hobgoblins
  2 jackals (D:2)
  7 kobolds
  3 giant newts
  A jackal skeleton (D:4)
  A quokka skeleton (D:4)
  10 rats
86 creatures vanquished.

Notes
Turn   | Place    | Note
--------------------------------------------------------------
     0 | D:1      | sugabear the Demonspawn Ice Elementalist began the quest for the Orb.
     0 | D:1      | Reached XP level 1. HP: 13/13 MP: 3/3
   285 | D:1      | Reached skill level 3 in Ice Magic
   450 | D:1      | Gained mutation: You are partially covered in sharp spines. [demonic ancestry]
   450 | D:1      | Reached XP level 2. HP: 17/19 MP: 5/5
   487 | D:1      | Learned a level 2 spell: Throw Frost
   879 | D:2      | Gained mutation: Your flesh is heat resistant. [demonic ancestry]
   879 | D:2      | Reached XP level 3. HP: 18/24 MP: 0/6
   898 | D:2      | Found a radiant altar of Vehumet.
   913 | D:2      | Became a worshipper of Vehumet
   978 | D:2      | Learned a level 3 spell: Ozocubu's Armour
  1126 | D:2      | Found a bloodstained altar of Trog.
  1264 | D:2      | Found an opulent altar of Gozag.
  1485 | D:2      | Gained mutation: You have a pair of small horns on your head. [demonic ancestry]
  1485 | D:2      | Reached XP level 4. HP: 29/31 MP: 4/7
  1580 | D:2      | Found a shattered altar of Ashenzari.
  1615 | D:2      | Reached * piety under Vehumet
  1615 | D:2      | Offered knowledge of Flame Tongue by Vehumet.
  2026 | D:3      | Noticed Unglued128's ghost (amateur DsGl)
  2849 | D:3      | Reached skill level 1 in Fighting
  2849 | D:3      | Gained mutation: You have a pair of horns on your head. [demonic ancestry]
  2849 | D:3      | Reached XP level 5. HP: 19/37 MP: 5/9
  2862 | D:3      | Reached skill level 1 in Unarmed Combat
  3100 | D:3      | Killed Unglued128's ghost
  3445 | D:4      | Reached skill level 1 in Charms
  3457 | D:4      | Reached XP level 6. HP: 39/43 MP: 10/10
  3990 | D:4      | Reached skill level 4 in Ice Magic
  3994 | D:4      | Offered knowledge of Sting by Vehumet.
  3996 | D:4      | Reached ** piety under Vehumet
  4044 | D:5      | Entered Level 5 of the Dungeon
  4044 | D:5      | Noticed a water moccasin
  4134 | D:5      | Noticed Duvessa
  4134 | D:5      | Noticed Dowan
  4148 | D:4      | Killed a water moccasin
  4171 | D:4      | Killed Dowan
  4171 | D:4      | Reached XP level 7. HP: 42/48 MP: 7/12
  4176 | D:4      | Slain by Duvessa

Vault maps used:
D:1:      saegor_arrival_miasma
D:2:      lemuel_crystal_altar, fiery_altar_vehumet, lemuel_crystal_altar,
          evilmike_ruin_ashenzari, minmay_misc_feat_encased,
          minmay_close_crescents
D:4:      first_bread
D:5:      hex_large, kennysheep_opposing_triangles, uniq_grinder,
          uniq_blork_the_orc, uniq_edmund, uniq_duvessa

Skill      XL: |  1  2  3  4  5  6 |
---------------+-------------------+-----
Ice Magic      | 3 4 |  4.2
Dodging        | 2 3 |  3.3
Stealth        | 2 3 |  3.4
Fighting       | 1 |  1.2
Unarmed Combat | 1 |  1.0
Spellcasting   | 3 |  3.6
Charms         | 1 |  1.3
Maces & Flails | |  0.6
Conjurations   | |  1.4

Action                   |  1- 3 |  4- 6 |  7- 9 || total
-------------------------+-------+-------+-------++-------
Melee: Unarmed           |    75 |    39 |       ||   114
       Flail             |       |    30 |       ||    30
 Cast: Freeze            |     9 |    25 |     5 ||    39
       Throw Frost       |     8 |    22 |       ||    30
       Ozocubu's Armour  |     1 |     8 |       ||     9
  Use: Scroll            |     3 |       |       ||     3
 Stab: Sleeping          |     2 |     5 |       ||     7
       Distracted        |       |     2 |       ||     2
  Eat: Chunk             |     2 |     6 |       ||     8
       Meat ration       |       |     1 |       ||     1
